 Dungeon Crawl Stone Soup version 0.23.2-33-g5129a83184 (webtiles) character file.

Game seed: 7242791254226198996

868 esteth the Chiller (level 8, -5/57 HPs)
             Began as a Merfolk Ice Elementalist on June 30, 2019.
             Slain by a wyvern zombie (12 damage)
             ... on level 6 of the Dungeon.
             The game lasted 00:12:36 (6227 turns).

esteth the Chiller (Merfolk Ice Elementalist)       Turns: 6227, Time: 00:12:37

Health: -5/57      AC:  8    Str:  9    XL:     8   Next: 3%
Magic:  8/12       EV: 13    Int: 20    God:
Gold:   276        SH:  0    Dex: 17    Spells: 4/13 levels left

rFire    . . .     SeeInvis .   w - +2 trident (flame)
rCold    . . .     Gourm    .   (no shield)
rNeg     . . .     Faith    .   a - +0 robe
rPois    .         Spirit   .   f - +1 helmet
rElec    .         Reflect  .   g - +0 cloak
rCorr    .         Harm     .   B - +2 pair of gloves {Dex+3}
MR       +....                  (no boots)
Stlth    ++........             (no amulet)
HPRegen  0.19/turn              l - ring of protection from magic
MPRegen  0.13/turn              n - +4 ring of intelligence

@: no status effects
A: change form in water, swift swim, stealthy swim
a: no special abilities


You were on level 6 of the Dungeon.
You were very hungry.

You visited 1 branch of the dungeon, and saw 6 of its levels.

You collected 276 gold pieces.

Inventory:

Hand Weapons
 h - a +0 club
 w - a +2 trident of flaming (weapon)
Armour
 a - a +0 robe (worn)
 f - a +1 helmet (worn)
 g - a +0 cloak (worn)
 B - a +2 pair of gloves of dexterity (worn)
Magical Staves
 b - an uncursed staff of death
 D - an uncursed staff of energy {unknown}
Jewellery
 l - a ring of protection from magic (left hand)
 n - a +4 ring of intelligence (right hand)
 o - an uncursed amulet of regeneration {unknown}
 v - an uncursed ring of protection from magic
Wands
 s - a wand of acid (8)
 x - a wand of iceblast (7)
Scrolls
 k - 7 scrolls of identify
 m - a scroll of enchant armour {unknown}
 p - 2 scrolls of remove curse
 r - 2 scrolls of magic mapping {unknown}
 t - 3 scrolls of amnesia {unknown}
 u - a scroll of teleportation
 y - a scroll of fog
 A - a scroll of immolation {unknown}
Potions
 d - 2 potions of might
 e - 2 potions of curing
 i - 2 potions of heal wounds {unknown}
 j - a potion of mutation {unknown}
 q - 2 potions of agility {unknown}
 z - a potion of haste {unknown}
Comestibles
 c - 9 rations


   Skills:
 - Level 2.9 Fighting
 + Level 6.4 Polearms
 - Level 2.6 Dodging
 - Level 2.1 Stealth
 - Level 3.0 Spellcasting
   Level 0.7 Conjurations
 - Level 3.0 Summonings
 + Level 6.8 Ice Magic


You had 4 spell levels left.
You knew the following spells:

 Your Spells              Type           Power        Failure   Level  Hunger
a - Freeze                Ice            ####         1%          1    None
b - Summon Ice Beast      Ice/Summ       ###.....     19%         4    ####...
c - Ozocubu's Armour      Chrm/Ice       ###.....     11%         3    ###....
d - Animate Skeleton      Necr           N/A          14%         1    None

Your spell library contained the following spells:

 Spells                   Type           Power        Failure   Level  Hunger
 Summon Small Mammal      Summ           ###.         4%          1    None
 Throw Frost              Conj/Ice       ###...       4%          2    ##.....
 Apportation              Tloc           #.....       14%         1    None
 Confusing Touch          Hex            #.....       14%         1    None
 Throw Icicle             Conj/Ice       ###.....     30%         4    ####...


Dungeon Overview and Level Annotations

Branches:
Dungeon (6/15)
 Temple: D:4-7

Altars:
Ashenzari
Cheibriados
Gozag
Okawaru
Ru
Sif Muna
Trog
Uskayaw
Wu Jian


Message History

Press: ? - help, Dir - move target cursor, f/p - wyvern zombie
Aim: a wyvern zombie (lightly damaged)
You hit the wyvern zombie but do no damage.
The wyvern zombie is lightly damaged.
The wyvern zombie bites you.
* * * LOW HITPOINT WARNING * * *
Your ice beast hits the wyvern zombie.
Your ice beast freezes the wyvern zombie.
The wyvern zombie resists.
Attack whom?
Press: ? - help, Dir - move target cursor, f/p - wyvern zombie
Aim: a wyvern zombie (moderately damaged)
You puncture the wyvern zombie! You burn the wyvern zombie.
The wyvern zombie is heavily damaged.
The wyvern zombie bites you!
* * * LOW HITPOINT WARNING * * *
Your ice beast hits the wyvern zombie.
Your ice beast freezes the wyvern zombie.
The wyvern zombie resists.
The wyvern zombie bites you!
You die...

......# ...#.# #.##.#.####
#.........# # #.##.#.##.#
#####
##.#.##.#.##.#####...#
#.........##........(#
.##......Z.######...#
#.......##Y@>....##.###
#.##.....#.......##...#
.##.............####.#
..Z............####.####
.?..............##......#
#.##.##..........##.#.##.#
#...............<##.#)##.#
#.#.##.#########..#.#.#
#.#.##># #.#.##.#


You could see a wyvern zombie and a friendly ice beast.

Vanquished Creatures
  An ice beast (D:6)
  An ogre (D:6)
  A howler monkey (D:4)
  A bullfrog zombie (D:5)
  4 hounds
  A jelly (D:5)
  4 orc wizards
  3 worker ants
  An iguana (D:5)
  A gnoll (D:2)
  6 adders
  A howler monkey skeleton (D:5)
  2 oozes (D:1)
  An adder skeleton (D:4)
  4 dart slugs
  3 worms
  3 leopard geckos
  18 orcs
  5 bats
  6 giant cockroaches
  8 goblins
  12 hobgoblins
  2 jackals (D:3)
  2 quokkas
  2 ball pythons (D:1)
  8 frilled lizards
  A giant cockroach zombie (D:5)
  5 kobolds
  16 rats
123 creatures vanquished.

Vanquished Creatures (collateral kills)
  An ogre (D:5)
  A dart slug (D:5)
  4 orcs
  A quokka (D:4)
7 creatures vanquished.

Grand Total: 130 creatures vanquished

Notes
Turn   | Place    | Note
-------+----------+-------------------------------------------
     0 | D:1      | esteth the Merfolk Ice Elementalist began the quest for the
                  | Orb.
     0 | D:1      | Reached XP level 1. HP: 13/13 MP: 3/3
   433 | D:1      | Reached skill level 1 in Fighting
   445 | D:1      | Reached XP level 2. HP: 21/21 MP: 1/5
   983 | D:1      | Reached XP level 3. HP: 22/27 MP: 3/6
  1964 | D:2      | Reached XP level 4. HP: 12/34 MP: 3/7
  2420 | D:2      | Learned a level 4 spell: Summon Ice Beast
  2446 | D:2      | Found an iron altar of Okawaru.
  2528 | D:3      | Reached skill level 1 in Polearms
  2675 | D:3      | Reached skill level 1 in Summonings
  2675 | D:3      | Reached XP level 5. HP: 39/40 MP: 5/8
  3063 | D:3      | Found a bloodstained altar of Trog.
  3352 | D:3      | Found a shattered altar of Ashenzari.
  3381 | D:3      | Found a snail-covered altar of Cheibriados.
  3459 | D:3      | Found a sacrificial altar of Ru.
  3632 | D:3      | Reached skill level 5 in Ice Magic
  3909 | D:4      | Reached XP level 6. HP: 45/46 MP: 5/9
  4337 | D:4      | Learned a level 3 spell: Ozocubu's Armour
  4372 | D:4      | Found a deep blue altar of Sif Muna.
  4424 | D:4      | Learned a level 1 spell: Animate Skeleton
  4563 | D:4      | Found an ornate altar of the Wu Jian Council.
  4740 | D:5      | Entered Level 5 of the Dungeon
  4824 | D:5      | Reached XP level 7. HP: 46/51 MP: 11/11
  4885 | D:5      | Found an opulent altar of Gozag.
  4885 | D:5      | Found a hide-covered altar of Uskayaw.
  5496 | D:5      | Reached skill level 5 in Polearms
  6223 | D:6      | Reached XP level 8. HP: 23/57 MP: 8/12
  6227 | D:6      | Slain by a wyvern zombie

Skill      XL: |  1  2  3  4  5  6  7 |
---------------+----------------------+-----
Fighting       | 1 2 |  2.9
Ice Magic      | 4 5 6 |  6.8
Polearms       | 1 3 4 6 |  6.4
Summonings     | 1 2 3 |  3.0
Spellcasting   | 3 |  3.0
Dodging        | |  2.6
Stealth        | |  2.1
Conjurations   | |  0.7

Action                   |  1- 3 |  4- 6 |  7- 9 || total
-------------------------+-------+-------+-------++-------
Melee: Unarmed           |    52 |       |       ||    52
       Club              |    46 |       |       ||    46
       Staff             |    42 |       |       ||    42
       Spear             |       |   125 |       ||   125
       Trident           |       |    79 |    78 ||   157
 Cast: Freeze            |    33 |    55 |     1 ||    89
       Summon Ice Beast  |       |     1 |     3 ||     4
  Use: Scroll            |     4 |     1 |       ||     5
       Potion            |     1 |       |     1 ||     2
 Stab: Sleeping          |     2 |     5 |     1 ||     8
  Eat: Chunk             |     4 |    10 |     4 ||    18
Armor: Robe              |    69 |    49 |    27 ||   145
Dodge: Dodged            |   130 |   141 |    51 ||   322
